[ AOE2 MATCH · #478144386 ]
UnrankedPersians vs Persians
[ REPLAY ANALYSIS · EXTRACTED FROM THE RECORDED GAME ]
Feudal
13:48
Castle
18:36
Imperial
—
| APM avg | 30.1 |
| APM peak | 80 |
| eAPM avg | 21.5 |
| Villagers / military | 126 / 103 |
Focus
⚔️ 30.5% · 🌾 69.5%
Knight ×88 · Fishing Ship ×20 · Battering Ram ×6 · War Elephant ×5 · Mangonel ×4
Feudal
17:41
Castle
32:19
Imperial
—
| APM avg | 25.7 |
| APM peak | 61 |
| eAPM avg | 14.3 |
| Villagers / military | 103 / 18 |
Focus
⚔️ 39.6% · 🌾 60.4%
Fishing Ship ×29 · Camel Scout ×11 · Fire Galley ×4 · Knight ×3
Feudal
12:40
Castle
32:50
Imperial
—
| APM avg | 22.2 |
| APM peak | 64 |
| eAPM avg | 10.0 |
| Villagers / military | 83 / 0 |
Focus
⚔️ 12.8% · 🌾 87.2%
Unknown (2586) ×18 · Fishing Ship ×11 · Unknown (2626) ×2
Feudal
14:09
Castle
18:08
Imperial
37:08
| APM avg | 18.8 |
| APM peak | 37 |
| eAPM avg | 14.5 |
| Villagers / military | 164 / 138 |
Focus
⚔️ 34.7% · 🌾 65.3%
Woad Raider ×118 · Fishing Ship ×16 · Trebuchet (Packed) ×11 · Mangonel ×6 · Monk ×3
Feudal
14:23
Castle
17:57
Imperial
42:00
| APM avg | 58.3 |
| APM peak | 112 |
| eAPM avg | 36.8 |
| Villagers / military | 131 / 178 |
Focus
⚔️ 23.7% · 🌾 76.3%
Spearman ×108 · Knight ×44 · Scout Cavalry ×17 · Fishing Ship ×16 · Magyar Huszar ×8 · Battering Ram ×1
Feudal
12:43
Castle
17:45
Imperial
37:52
| APM avg | 46.2 |
| APM peak | 77 |
| eAPM avg | 27.7 |
| Villagers / military | 114 / 165 |
Focus
⚔️ 26.2% · 🌾 73.8%
Coustillier ×88 · Flemish Militia ×49 · Hand Cannoneer ×14 · Fishing Ship ×11 · Trebuchet (Packed) ×8 · Battering Ram ×4
Match map
Initial resources + every placement click. Lines = walls · curves = elevation contours. ◆ gold · ⬟ stone · ● berries · ✦ relic · ◌ wall gap
Your base· Open — 12t gap
Lic. Sandra Cuevas's base· Open — 9t gap
Mr. Fay's base· Open — 4t gap
violetsage's base· Open — 4t gap
Mr. Bannon's base· Open — 6t gap
825730607's base· Open — 14t gap
Smoothed initial terrain · ◌ = detected wall gap · hover for details
Inputs per minute
— Mr. C - - Lic. Sandra Cuevas
Build order — Mr. C
First 150 of 427 actions detected
| 0:19 | Build | Town Center |
| 1:38 | Build | Dock |
| 2:35 | Build | House |
| 2:36 | Create | Villager (Male) |
| 2:38 | Create | Villager (Male) |
| 2:39 | Create | Villager (Male) |
| 2:39 | Create | Villager (Male) |
| 2:46 | Create | Villager (Male) |
| 2:59 | Create | Fishing Ship |
| 3:48 | Create | Villager (Male) |
| 4:14 | Build | House |
| 4:17 | Create | Villager (Male) |
| 5:22 | Create | Villager (Male) |
| 5:22 | Create | Villager (Male) |
| 5:27 | Create | Fishing Ship |
| 5:55 | Build | House |
| 6:26 | Create | Villager (Male) |
| 6:27 | Create | Villager (Male) |
| 6:27 | Create | Villager (Male) |
| 6:50 | Create | Villager (Male) |
| 6:54 | Create | Fishing Ship |
| 7:12 | Build | Mill |
| 7:39 | Build | House |
| 8:02 | Create | Villager (Male) |
| 8:03 | Create | Villager (Male) |
| 8:06 | Build | Mill |
| 8:46 | Create | Villager (Male) |
| 8:52 | Create | Fishing Ship |
| 8:52 | Create | Fishing Ship |
| 8:53 | Create | Villager (Male) |
| 9:12 | Create | Villager (Male) |
| 9:20 | Build | House |
| 9:39 | Build | House |
| 9:52 | Create | Villager (Male) |
| 10:15 | Create | Fishing Ship |
| 10:28 | Create | Villager (Male) |
| 10:42 | Build | Dock |
| 10:46 | Create | Villager (Male) |
| 10:48 | Create | Fishing Ship |
| 11:04 | Research | Loom |
| 11:10 | Build | Mining Camp |
| 11:26 | Build | Mining Camp |
| 11:43 | Build | Palisade Wall |
| 11:44 | Research | Feudal Age |
| 11:51 | Build | Palisade Wall |
| 11:52 | Build | Palisade Wall |
| 11:55 | Build | Palisade Gate |
| 12:12 | Create | Fishing Ship |
| 12:52 | Build | House |
| 12:53 | Build | Palisade Wall |
| 12:56 | Build | Palisade Wall |
| 12:57 | Build | Palisade Wall |
| 13:15 | Build | Palisade Wall |
| 13:48 | Age | Feudal Age |
| 13:54 | Create | Villager (Male) |
| 13:55 | Create | Villager (Male) |
| 14:08 | Build | Palisade Gate |
| 14:09 | Build | House |
| 14:18 | Create | Villager (Male) |
| 14:18 | Create | Villager (Male) |
| 14:25 | Create | Villager (Male) |
| 14:32 | Build | Market |
| 14:35 | Build | Blacksmith |
| 14:41 | Create | Villager (Male) |
| 14:59 | Build | Outpost |
| 15:15 | Build | Lumber Camp |
| 15:21 | Research | Castle Age |
| 16:17 | Research | Double-Bit Axe |
| 17:04 | Build | Mining Camp |
| 17:12 | Create | Villager (Male) |
| 17:13 | Create | Fishing Ship |
| 17:14 | Create | Fishing Ship |
| 17:14 | Create | Fishing Ship |
| 18:27 | Build | Dock |
| 18:36 | Age | Castle Age |
| 18:53 | Build | Castle |
| 18:59 | Build | Siege Workshop |
| 19:09 | Build | Siege Workshop |
| 19:31 | Build | Castle |
| 19:35 | Research | Fletching |
| 19:42 | Create | Villager (Male) |
| 19:54 | Build | House |
| 19:55 | Build | House |
| 19:55 | Build | House |
| 19:58 | Research | Bow Saw |
| 20:23 | Create | Battering Ram |
| 20:38 | Create | Fishing Ship |
| 20:56 | Create | Villager (Male) |
| 20:56 | Create | Villager (Male) |
| 21:03 | Create | Villager (Male) |
| 21:07 | Create | War Elephant |
| 21:10 | Create | Villager (Male) |
| 21:11 | Create | Villager (Male) |
| 21:21 | Research | Bodkin Arrow |
| 21:27 | Create | Fishing Ship |
| 21:28 | Create | Fishing Ship |
| 21:32 | Create | Villager (Male) |
| 21:48 | Create | Battering Ram |
| 21:52 | Create | Battering Ram |
| 22:10 | Create | Villager (Male) |
| 22:10 | Create | Villager (Male) |
| 22:54 | Create | Fishing Ship |
| 22:54 | Create | Fishing Ship |
| 23:01 | Build | Farm |
| 23:01 | Build | Farm |
| 23:02 | Build | Farm |
| 23:02 | Build | Farm |
| 23:02 | Build | Farm |
| 23:06 | Create | Villager (Male) |
| 23:12 | Create | Villager (Male) |
| 23:13 | Create | Villager (Male) |
| 23:17 | Build | Lumber Camp |
| 23:26 | Create | Villager (Male) |
| 23:26 | Create | Villager (Male) |
| 23:32 | Create | Villager (Male) |
| 23:34 | Build | Farm |
| 23:39 | Create | Villager (Male) |
| 24:00 | Create | Battering Ram |
| 24:03 | Create | Villager (Male) |
| 24:19 | Create | Fishing Ship |
| 24:55 | Build | Mining Camp |
| 24:59 | Create | Mangonel |
| 25:21 | Create | War Elephant |
| 25:22 | Create | War Elephant |
| 25:30 | Create | Villager (Male) |
| 25:37 | Create | Villager (Male) |
| 25:43 | Create | Villager (Male) |
| 25:59 | Build | Town Center |
| 26:00 | Create | Villager (Male) |
| 26:38 | Create | Villager (Male) |
| 26:50 | Create | Villager (Male) |
| 26:52 | Build | Farm |
| 26:57 | Create | Villager (Male) |
| 26:57 | Create | Villager (Male) |
| 27:03 | Create | Villager (Male) |
| 27:08 | Create | War Elephant |
| 27:22 | Create | War Elephant |
| 27:25 | Research | Scale Barding Armor |
| 27:30 | Build | Lumber Camp |
| 27:58 | Build | Farm |
| 28:01 | Create | Villager (Male) |
| 28:01 | Create | Villager (Male) |
| 28:02 | Create | Villager (Male) |
| 28:24 | Build | House |
| 28:26 | Build | House |
| 28:36 | Build | House |
| 28:37 | Build | Palisade Wall |
| 28:49 | Create | Villager (Male) |
| 28:49 | Create | Villager (Male) |
| 28:53 | Research | Chain Barding Armor |
Build order — Lic. Sandra Cuevas
First 150 of 222 actions detected
| 0:10 | Build | Town Center |
| 0:35 | Build | Palisade Wall |
| 0:36 | Build | Palisade Wall |
| 0:38 | Build | Palisade Wall |
| 0:38 | Build | Palisade Wall |
| 0:41 | Build | Palisade Wall |
| 2:04 | Build | Dock |
| 2:35 | Create | Villager (Male) |
| 2:36 | Create | Villager (Male) |
| 2:36 | Create | Villager (Male) |
| 2:36 | Create | Villager (Male) |
| 2:39 | Create | Villager (Male) |
| 2:45 | Build | House |
| 2:59 | Build | Palisade Wall |
| 3:35 | Build | Palisade Wall |
| 3:38 | Create | Fishing Ship |
| 4:01 | Create | Villager (Male) |
| 4:01 | Create | Villager (Male) |
| 4:31 | Create | Villager (Male) |
| 4:31 | Create | Villager (Male) |
| 4:52 | Build | House |
| 4:52 | Create | Villager (Male) |
| 5:11 | Create | Villager (Male) |
| 5:35 | Create | Villager (Male) |
| 5:46 | Create | Villager (Male) |
| 5:49 | Create | Villager (Male) |
| 5:49 | Create | Villager (Male) |
| 6:14 | Build | House |
| 6:40 | Build | House |
| 6:42 | Build | House |
| 6:47 | Create | Fishing Ship |
| 6:49 | Create | Villager (Male) |
| 7:03 | Create | Fishing Ship |
| 7:31 | Create | Fishing Ship |
| 7:31 | Create | Fishing Ship |
| 7:31 | Create | Fishing Ship |
| 7:49 | Research | Loom |
| 8:05 | Create | Villager (Male) |
| 8:12 | Create | Fishing Ship |
| 8:35 | Create | Villager (Male) |
| 9:00 | Create | Villager (Male) |
| 9:38 | Create | Villager (Male) |
| 10:03 | Create | Villager (Male) |
| 10:40 | Build | Town Center |
| 10:55 | Build | Palisade Wall |
| 10:58 | Build | Palisade Wall |
| 10:59 | Build | Palisade Wall |
| 11:29 | Create | Villager (Male) |
| 11:29 | Create | Villager (Male) |
| 11:52 | Create | Villager (Male) |
| 12:04 | Create | Villager (Male) |
| 13:01 | Build | Lumber Camp |
| 13:07 | Create | Villager (Male) |
| 13:19 | Build | House |
| 13:23 | Create | Villager (Male) |
| 14:05 | Create | Villager (Male) |
| 14:35 | Create | Villager (Male) |
| 15:09 | Build | House |
| 15:10 | Build | House |
| 15:13 | Create | Villager (Male) |
| 15:19 | Research | Feudal Age |
| 16:21 | Create | Villager (Male) |
| 17:00 | Build | Dock |
| 17:01 | Build | House |
| 17:26 | Build | Palisade Wall |
| 17:41 | Age | Feudal Age |
| 17:43 | Research | Double-Bit Axe |
| 18:02 | Create | Villager (Male) |
| 18:11 | Create | Villager (Male) |
| 18:21 | Build | House |
| 18:44 | Create | Villager (Male) |
| 18:54 | Build | Palisade Wall |
| 19:08 | Create | Villager (Male) |
| 19:29 | Build | Blacksmith |
| 19:38 | Create | Villager (Male) |
| 19:39 | Create | Villager (Male) |
| 19:44 | Build | House |
| 19:45 | Build | House |
| 19:47 | Create | Villager (Male) |
| 20:15 | Research | Fletching |
| 20:21 | Create | Fishing Ship |
| 20:23 | Create | Fishing Ship |
| 20:25 | Create | Villager (Male) |
| 20:34 | Create | Villager (Male) |
| 21:08 | Create | Fishing Ship ×3 |
| 21:09 | Create | Villager (Male) |
| 21:25 | Build | Lumber Camp |
| 21:28 | Create | Villager (Male) |
| 22:24 | Build | House |
| 22:26 | Build | House |
| 22:31 | Create | Villager (Male) |
| 22:41 | Build | House |
| 22:43 | Build | House |
| 22:46 | Build | Palisade Wall |
| 23:23 | Create | Villager (Male) |
| 23:23 | Create | Villager (Male) |
| 23:59 | Build | Town Center |
| 25:20 | Build | Mining Camp |
| 25:26 | Create | Villager (Male) |
| 26:04 | Create | Villager (Male) |
| 26:05 | Create | Villager (Male) |
| 26:12 | Create | Villager (Male) |
| 27:05 | Build | Lumber Camp |
| 27:36 | Create | Villager (Male) |
| 27:36 | Create | Villager (Male) |
| 27:43 | Build | Mill |
| 27:44 | Create | Villager (Male) |
| 27:54 | Build | Barracks |
| 27:57 | Build | House |
| 28:11 | Create | Villager (Male) |
| 28:59 | Build | Stable |
| 29:07 | Create | Villager (Male) |
| 29:26 | Create | Fire Galley |
| 29:26 | Create | Fire Galley |
| 29:27 | Create | Fire Galley |
| 29:28 | Create | Fire Galley |
| 29:31 | Create | Villager (Male) |
| 29:49 | Build | Market |
| 29:51 | Research | Castle Age |
| 29:57 | Create | Villager (Male) |
| 32:05 | Build | House |
| 32:07 | Build | House |
| 32:09 | Build | Stone Wall |
| 32:11 | Build | Stone Wall |
| 32:14 | Build | Stone Wall |
| 32:19 | Age | Castle Age |
| 32:32 | Research | Bodkin Arrow |
| 32:35 | Build | House |
| 32:36 | Build | House |
| 33:20 | Create | Knight |
| 33:27 | Build | Stable |
| 33:39 | Research | Bow Saw |
| 33:52 | Research | Bloodlines |
| 33:55 | Create | Knight |
| 34:00 | Build | House |
| 34:01 | Build | House |
| 34:01 | Build | House |
| 34:01 | Build | House |
| 34:11 | Create | Knight |
| 34:15 | Create | Villager (Male) |
| 34:15 | Create | Villager (Male) |
| 34:16 | Create | Villager (Male) |
| 34:16 | Create | Villager (Male) |
| 34:33 | Build | Castle |
| 34:50 | Build | Castle |
| 36:28 | Build | Town Center |
| 36:56 | Build | Stable |
| 36:57 | Build | Stable |
| 36:57 | Build | Stable |
| 36:57 | Build | Stable |
Build order — Mr. Fay
First 150 of 179 actions detected
| 0:05 | Build | Town Center |
| 0:43 | Build | House |
| 0:50 | Build | Dock |
| 2:25 | Create | Villager (Male) |
| 2:26 | Create | Villager (Male) |
| 2:26 | Create | Villager (Male) |
| 2:26 | Create | Villager (Male) |
| 3:26 | Create | Fishing Ship |
| 3:53 | Build | House |
| 4:00 | Create | Villager (Male) |
| 4:16 | Research | Loom |
| 4:26 | Create | Fishing Ship |
| 4:55 | Create | Villager (Male) |
| 5:26 | Create | Villager (Male) |
| 5:35 | Create | Fishing Ship |
| 5:55 | Create | Villager (Male) |
| 6:11 | Create | Fishing Ship |
| 6:25 | Build | House |
| 6:29 | Create | Villager (Male) |
| 6:30 | Create | Villager (Male) |
| 7:00 | Create | Fishing Ship |
| 7:12 | Create | Villager (Male) |
| 7:15 | Create | Fishing Ship |
| 7:57 | Build | House |
| 8:02 | Create | Villager (Male) |
| 8:03 | Create | Villager (Male) |
| 8:18 | Build | Settlement |
| 9:05 | Create | Villager (Male) |
| 9:06 | Create | Villager (Male) |
| 9:20 | Create | Fishing Ship |
| 9:34 | Create | Villager (Male) |
| 10:21 | Research | Feudal Age |
| 12:40 | Age | Feudal Age |
| 12:42 | Build | Blacksmith |
| 12:47 | Create | Villager (Male) |
| 12:47 | Create | Villager (Male) |
| 12:47 | Create | Villager (Male) |
| 12:48 | Create | Villager (Male) |
| 12:58 | Build | House |
| 13:24 | Research | Fletching |
| 13:32 | Research | Double-Bit Axe |
| 14:13 | Create | Villager (Male) |
| 14:13 | Create | Villager (Male) |
| 14:53 | Create | Villager (Male) |
| 14:54 | Create | Villager (Male) |
| 14:54 | Create | Villager (Male) |
| 15:59 | Create | Villager (Male) |
| 15:59 | Create | Villager (Male) |
| 16:47 | Create | Villager (Male) |
| 16:47 | Create | Villager (Male) |
| 17:05 | Build | House |
| 18:43 | Create | Villager (Male) |
| 19:23 | Create | Villager (Male) |
| 19:23 | Create | Villager (Male) |
| 19:24 | Create | Villager (Male) |
| 19:43 | Create | Villager (Male) |
| 23:14 | Create | Villager (Male) |
| 23:14 | Create | Villager (Male) |
| 23:15 | Create | Villager (Male) |
| 23:15 | Create | Villager (Male) |
| 23:15 | Create | Villager (Male) |
| 25:05 | Build | Market |
| 25:11 | Build | House |
| 25:12 | Build | House |
| 25:41 | Build | Settlement |
| 27:22 | Build | Town Center |
| 27:56 | Build | Dock |
| 28:27 | Build | Market |
| 28:30 | Create | Villager (Male) |
| 28:30 | Create | Villager (Male) |
| 28:30 | Create | Villager (Male) |
| 28:31 | Create | Villager (Male) |
| 29:19 | Build | Barracks |
| 29:41 | Research | Castle Age |
| 29:54 | Build | Settlement |
| 30:09 | Build | Blacksmith |
| 31:28 | Create | Fishing Ship |
| 31:29 | Create | Fishing Ship |
| 31:29 | Create | Fishing Ship |
| 31:29 | Create | Fishing Ship |
| 32:10 | Create | Villager (Male) |
| 32:10 | Create | Villager (Male) |
| 32:10 | Create | Villager (Male) |
| 32:50 | Age | Castle Age |
| 32:55 | Build | Castle |
| 32:57 | Create | Villager (Male) |
| 33:02 | Research | Horse Collar |
| 33:29 | Build | Dock |
| 33:34 | Create | Villager (Male) |
| 34:13 | Create | Unit 2586 |
| 34:13 | Create | Unit 2586 |
| 34:28 | Create | Villager (Male) |
| 34:28 | Create | Villager (Male) |
| 34:58 | Create | Villager (Male) |
| 34:58 | Create | Villager (Male) |
| 35:30 | Create | Unit 2586 |
| 35:31 | Create | Unit 2586 |
| 35:58 | Create | Villager (Male) |
| 36:07 | Build | Stone Wall |
| 36:11 | Create | Unit 2586 |
| 36:11 | Create | Unit 2586 |
| 36:20 | Create | Villager (Male) |
| 36:21 | Create | Villager (Male) |
| 36:50 | Create | Villager (Male) |
| 36:51 | Create | Villager (Male) |
| 37:04 | Create | Villager (Male) |
| 37:05 | Create | Villager (Male) |
| 37:22 | Create | Villager (Male) |
| 37:48 | Create | Villager (Male) |
| 38:00 | Build | Farm |
| 38:00 | Build | Farm |
| 38:01 | Build | Farm |
| 38:01 | Build | Farm |
| 38:01 | Build | Farm |
| 38:01 | Build | Farm |
| 38:02 | Build | Farm |
| 38:02 | Build | Farm |
| 38:02 | Build | Farm |
| 38:02 | Build | Farm |
| 38:18 | Research | Scale Mail Armor |
| 38:21 | Create | Villager (Male) |
| 38:21 | Create | Villager (Male) |
| 38:48 | Create | Villager (Male) |
| 38:48 | Create | Villager (Male) |
| 39:01 | Create | Unit 2626 |
| 39:02 | Create | Unit 2626 |
| 39:04 | Build | House |
| 39:07 | Build | House |
| 39:37 | Research | Bow Saw |
| 39:38 | Research | Heavy Plow |
| 39:43 | Research | Squires |
| 39:45 | Create | Unit 2586 ×2 |
| 39:45 | Create | Unit 2586 ×2 |
| 39:48 | Create | Villager (Male) |
| 39:48 | Create | Villager (Male) |
| 39:55 | Build | Farm |
| 39:59 | Create | Villager (Male) |
| 40:17 | Create | Villager (Male) |
| 40:17 | Create | Villager (Male) |
| 40:34 | Build | Farm |
| 40:37 | Create | Villager (Male) |
| 41:03 | Research | War Galley (upgrade) |
| 41:06 | Create | Villager (Male) |
| 41:06 | Create | Villager (Male) |
| 41:06 | Create | Villager (Male) |
| 41:34 | Research | Forging |
| 41:45 | Build | Farm |
| 41:45 | Build | Farm |
| 41:46 | Build | Farm |
| 41:46 | Build | Farm |
Build order — violetsage
First 150 of 400 actions detected
| 0:12 | Build | Town Center |
| 0:58 | Build | House |
| 1:01 | Build | Dock |
| 2:38 | Create | Villager (Male) |
| 2:38 | Create | Villager (Male) |
| 2:38 | Create | Villager (Male) |
| 2:39 | Create | Villager (Male) |
| 2:39 | Create | Villager (Male) |
| 4:14 | Create | Villager (Male) |
| 4:20 | Create | Fishing Ship |
| 4:36 | Build | House |
| 4:50 | Create | Villager (Male) |
| 4:50 | Create | Villager (Male) |
| 5:37 | Create | Villager (Male) |
| 5:37 | Create | Villager (Male) |
| 5:41 | Research | Loom |
| 5:42 | Create | Villager (Male) |
| 5:42 | Create | Villager (Male) |
| 6:10 | Create | Villager (Male) |
| 6:12 | Create | Fishing Ship |
| 6:14 | Create | Fishing Ship |
| 6:29 | Create | Villager (Male) |
| 7:03 | Create | Fishing Ship |
| 7:05 | Build | House |
| 7:13 | Create | Villager (Male) |
| 7:14 | Create | Villager (Male) |
| 7:14 | Create | Villager (Male) |
| 7:50 | Build | House |
| 7:55 | Build | House |
| 7:58 | Create | Villager (Male) |
| 8:30 | Create | Villager (Male) |
| 8:31 | Create | Villager (Male) |
| 8:31 | Create | Villager (Male) |
| 8:50 | Build | Mill |
| 9:21 | Build | House |
| 9:57 | Create | Villager (Male) |
| 10:09 | Build | Mining Camp |
| 10:11 | Create | Villager (Male) |
| 10:19 | Create | Fishing Ship |
| 10:31 | Build | House |
| 10:41 | Create | Villager (Male) |
| 11:05 | Build | Mining Camp |
| 11:24 | Create | Villager (Male) |
| 11:47 | Build | Dock |
| 11:59 | Research | Feudal Age |
| 12:04 | Create | Villager (Male) |
| 12:05 | Create | Villager (Male) |
| 12:53 | Create | Fishing Ship |
| 13:12 | Create | Fishing Ship |
| 14:09 | Age | Feudal Age |
| 14:18 | Build | Market |
| 14:23 | Build | Blacksmith |
| 15:28 | Research | Castle Age |
| 15:42 | Create | Villager (Male) |
| 16:07 | Build | Lumber Camp |
| 17:27 | Research | Tech 906 |
| 17:40 | Create | Fishing Ship |
| 17:40 | Create | Fishing Ship |
| 17:41 | Create | Fishing Ship |
| 17:44 | Create | Fishing Ship |
| 18:08 | Age | Castle Age |
| 18:12 | Build | Castle |
| 18:14 | Build | Mining Camp |
| 18:19 | Create | Villager (Male) |
| 18:20 | Research | Scale Mail Armor |
| 18:26 | Build | Siege Workshop |
| 18:37 | Build | House |
| 18:57 | Build | House |
| 19:08 | Create | Villager (Male) |
| 19:16 | Research | Chain Mail Armor |
| 19:26 | Research | Gold Mining |
| 19:43 | Create | Mangonel |
| 19:56 | Create | Woad Raider |
| 19:57 | Create | Woad Raider |
| 19:57 | Create | Woad Raider |
| 19:57 | Create | Woad Raider |
| 20:07 | Build | House |
| 20:07 | Build | House |
| 20:07 | Build | House |
| 20:08 | Build | House |
| 20:08 | Build | House |
| 20:09 | Create | Villager (Male) |
| 20:09 | Create | Villager (Male) |
| 20:10 | Create | Villager (Male) |
| 20:10 | Create | Villager (Male) |
| 20:24 | Build | Monastery |
| 20:36 | Create | Villager (Male) |
| 20:36 | Create | Villager (Male) |
| 20:54 | Create | Villager (Male) |
| 20:55 | Create | Villager (Male) |
| 21:00 | Create | Woad Raider |
| 21:01 | Create | Woad Raider |
| 21:01 | Create | Woad Raider |
| 21:04 | Create | Woad Raider |
| 21:09 | Create | Woad Raider |
| 21:23 | Create | Villager (Male) |
| 21:23 | Create | Villager (Male) |
| 21:33 | Research | Double-Bit Axe |
| 21:38 | Create | Woad Raider |
| 21:48 | Create | Monk |
| 22:31 | Create | Villager (Male) |
| 22:31 | Create | Villager (Male) |
| 23:01 | Create | Villager (Male) |
| 23:01 | Create | Villager (Male) |
| 23:02 | Create | Villager (Male) |
| 23:02 | Create | Villager (Male) |
| 23:15 | Create | Mangonel |
| 23:16 | Create | Villager (Male) |
| 23:16 | Create | Villager (Male) |
| 23:18 | Create | Woad Raider |
| 23:19 | Create | Woad Raider |
| 23:33 | Build | Farm |
| 23:35 | Build | Farm |
| 23:35 | Build | Farm |
| 23:36 | Build | Farm |
| 23:36 | Build | Farm |
| 23:36 | Build | Farm |
| 23:37 | Build | Farm |
| 23:37 | Build | Farm |
| 23:37 | Build | Farm |
| 23:38 | Build | Farm |
| 23:50 | Research | Fletching |
| 23:51 | Research | Fletching |
| 24:05 | Create | Villager (Male) |
| 24:05 | Create | Villager (Male) |
| 24:05 | Create | Villager (Male) |
| 24:05 | Create | Villager (Male) |
| 24:10 | Create | Villager (Male) |
| 24:10 | Create | Villager (Male) |
| 24:11 | Create | Villager (Male) |
| 24:15 | Build | House |
| 24:15 | Build | House |
| 24:15 | Build | House |
| 24:24 | Create | Monk |
| 24:37 | Create | Villager (Male) |
| 24:37 | Create | Villager (Male) |
| 24:46 | Create | Woad Raider |
| 24:54 | Create | Woad Raider |
| 24:54 | Create | Woad Raider |
| 24:54 | Create | Woad Raider |
| 25:16 | Create | Woad Raider |
| 25:16 | Create | Woad Raider |
| 25:17 | Create | Woad Raider |
| 25:17 | Create | Woad Raider |
| 25:18 | Create | Villager (Male) |
| 25:18 | Create | Villager (Male) |
| 25:25 | Build | Farm |
| 25:40 | Create | Woad Raider |
| 25:53 | Build | Town Center |
| 26:13 | Create | Mangonel |
Build order — Mr. Bannon
First 150 of 493 actions detected
| 0:08 | Build | Town Center |
| 0:33 | Build | House |
| 2:30 | Create | Villager (Male) |
| 2:30 | Create | Villager (Male) |
| 2:30 | Create | Villager (Male) |
| 2:31 | Create | Villager (Male) |
| 2:39 | Build | Dock |
| 3:30 | Create | Fishing Ship |
| 4:18 | Research | Loom |
| 4:40 | Create | Villager (Male) |
| 4:45 | Create | Villager (Male) |
| 4:55 | Build | House |
| 5:14 | Create | Villager (Male) |
| 5:42 | Create | Villager (Male) |
| 5:48 | Create | Villager (Male) |
| 5:48 | Create | Villager (Male) |
| 6:16 | Build | House |
| 6:43 | Create | Villager (Male) |
| 6:44 | Create | Villager (Male) |
| 7:04 | Create | Villager (Male) |
| 7:35 | Create | Fishing Ship |
| 7:42 | Create | Villager (Male) |
| 7:57 | Create | Villager (Male) |
| 7:58 | Create | Villager (Male) |
| 7:58 | Create | Villager (Male) |
| 8:09 | Build | House |
| 8:33 | Create | Villager (Male) |
| 8:33 | Create | Villager (Male) |
| 8:35 | Create | Fishing Ship |
| 8:42 | Build | House |
| 9:18 | Create | Villager (Male) |
| 9:20 | Create | Fishing Ship |
| 9:51 | Create | Fishing Ship |
| 10:11 | Build | Mill |
| 10:39 | Create | Villager (Male) |
| 10:46 | Build | House |
| 10:49 | Create | Fishing Ship |
| 10:52 | Create | Villager (Male) |
| 10:59 | Create | Villager (Male) |
| 11:29 | Research | Feudal Age |
| 11:37 | Build | Mining Camp |
| 12:53 | Build | Lumber Camp |
| 13:58 | Create | Villager (Male) |
| 13:58 | Create | Villager (Male) |
| 14:23 | Age | Feudal Age |
| 14:25 | Build | Market |
| 14:32 | Build | Blacksmith |
| 14:39 | Research | Gold Mining |
| 14:41 | Research | Double-Bit Axe |
| 14:48 | Build | House |
| 15:00 | Create | Fishing Ship |
| 15:17 | Research | Castle Age |
| 15:32 | Create | Villager (Male) |
| 16:05 | Build | Barracks |
| 16:15 | Create | Fishing Ship |
| 16:53 | Build | Farm |
| 16:53 | Build | Farm |
| 16:53 | Build | Farm |
| 16:54 | Build | Farm |
| 16:54 | Build | Farm |
| 17:18 | Build | Stable |
| 17:19 | Build | Stable |
| 17:23 | Create | Villager (Male) |
| 17:24 | Create | Villager (Male) |
| 17:57 | Age | Castle Age |
| 18:02 | Build | House |
| 18:03 | Build | House |
| 18:20 | Build | Stable |
| 18:22 | Create | Knight |
| 18:22 | Create | Knight |
| 18:22 | Create | Knight |
| 19:07 | Create | Knight |
| 19:07 | Create | Knight |
| 19:07 | Create | Knight |
| 19:08 | Create | Knight |
| 19:21 | Research | Husbandry |
| 19:24 | Create | Villager (Male) |
| 19:25 | Create | Villager (Male) |
| 19:29 | Build | Lumber Camp |
| 19:50 | Build | Siege Workshop |
| 19:59 | Create | Knight |
| 20:00 | Create | Knight |
| 20:00 | Create | Knight |
| 20:30 | Create | Villager (Male) |
| 20:30 | Create | Villager (Male) |
| 20:38 | Build | House |
| 20:38 | Build | House |
| 20:44 | Create | Battering Ram |
| 21:02 | Research | Bloodlines |
| 21:02 | Research | Bloodlines |
| 21:03 | Research | Scale Barding Armor |
| 21:51 | Create | Knight |
| 21:51 | Create | Knight |
| 22:21 | Create | Knight |
| 22:23 | Create | Villager (Male) |
| 22:23 | Create | Villager (Male) |
| 22:23 | Create | Villager (Male) |
| 22:24 | Create | Villager (Male) |
| 22:24 | Create | Villager (Male) |
| 22:24 | Create | Villager (Male) |
| 22:27 | Build | Lumber Camp |
| 22:29 | Build | Mining Camp |
| 23:09 | Create | Knight |
| 23:52 | Create | Villager (Male) |
| 23:54 | Build | House |
| 23:56 | Build | House |
| 24:07 | Build | Town Center |
| 24:11 | Build | Farm |
| 24:12 | Build | Farm |
| 24:12 | Build | Farm |
| 24:12 | Build | Farm |
| 24:12 | Build | Farm |
| 24:20 | Research | Horse Collar |
| 24:22 | Create | Villager (Male) |
| 24:34 | Create | Knight |
| 25:03 | Create | Villager (Male) |
| 25:03 | Create | Villager (Male) |
| 25:06 | Build | House |
| 25:07 | Build | House |
| 25:11 | Create | Fishing Ship |
| 25:11 | Create | Fishing Ship |
| 25:12 | Create | Fishing Ship |
| 25:12 | Create | Fishing Ship |
| 25:12 | Create | Fishing Ship |
| 25:26 | Create | Villager (Male) |
| 25:43 | Create | Villager (Male) |
| 25:56 | Research | Bow Saw |
| 25:57 | Create | Villager (Male) |
| 26:00 | Create | Villager (Male) |
| 26:12 | Create | Villager (Male) |
| 26:15 | Build | House |
| 26:16 | Build | House |
| 26:25 | Create | Villager (Male) |
| 26:28 | Create | Villager (Male) |
| 26:43 | Build | Farm |
| 26:46 | Build | Farm |
| 26:49 | Build | Farm |
| 26:49 | Build | Farm |
| 26:49 | Build | Farm |
| 26:49 | Build | Farm |
| 26:51 | Create | Villager (Male) |
| 26:56 | Build | Farm |
| 27:06 | Create | Knight |
| 27:06 | Create | Knight |
| 27:11 | Build | Farm |
| 27:19 | Build | Stone Wall |
| 27:25 | Build | Stone Wall |
| 27:26 | Create | Villager (Male) |
| 27:30 | Build | House |
| 27:30 | Build | House |
Build order — 825730607
First 150 of 482 actions detected
| 0:10 | Build | Town Center |
| 1:06 | Build | Dock |
| 1:09 | Build | House |
| 2:34 | Research | Loom |
| 2:35 | Research | Loom |
| 2:35 | Research | Loom |
| 2:35 | Create | Villager (Male) |
| 2:35 | Create | Villager (Male) |
| 2:35 | Create | Villager (Male) |
| 2:36 | Create | Villager (Male) |
| 2:36 | Create | Villager (Male) |
| 4:16 | Create | Villager (Male) |
| 4:16 | Create | Villager (Male) |
| 4:31 | Create | Fishing Ship |
| 5:09 | Create | Villager (Male) |
| 5:09 | Create | Villager (Male) |
| 5:12 | Build | House |
| 5:44 | Create | Villager (Male) |
| 5:45 | Create | Villager (Male) |
| 6:04 | Create | Fishing Ship |
| 6:04 | Create | Fishing Ship |
| 6:16 | Create | Villager (Male) |
| 6:16 | Create | Villager (Male) |
| 6:28 | Build | House |
| 6:38 | Create | Villager (Male) |
| 6:39 | Create | Villager (Male) |
| 7:06 | Create | Villager (Male) |
| 7:07 | Create | Villager (Male) |
| 7:08 | Create | Fishing Ship |
| 7:08 | Create | Fishing Ship |
| 7:40 | Create | Villager (Male) |
| 7:41 | Create | Villager (Male) |
| 7:42 | Create | Villager (Male) |
| 7:42 | Create | Villager (Male) |
| 7:50 | Create | Fishing Ship |
| 7:50 | Create | Fishing Ship |
| 7:57 | Build | House |
| 7:57 | Build | House |
| 8:18 | Create | Fishing Ship |
| 8:18 | Create | Fishing Ship |
| 8:39 | Create | Villager (Male) |
| 8:40 | Create | Villager (Male) |
| 8:40 | Create | Villager (Male) |
| 8:54 | Create | Fishing Ship |
| 9:01 | Create | Villager (Male) |
| 9:01 | Create | Villager (Male) |
| 9:01 | Create | Villager (Male) |
| 9:29 | Build | Mining Camp |
| 9:36 | Create | Villager (Male) |
| 10:08 | Build | House |
| 10:33 | Research | Feudal Age |
| 10:33 | Research | Feudal Age |
| 10:46 | Build | Lumber Camp |
| 11:13 | Research | Double-Bit Axe |
| 11:13 | Research | Double-Bit Axe |
| 11:41 | Build | Mill |
| 11:43 | Create | Villager (Male) |
| 12:43 | Age | Feudal Age |
| 12:45 | Build | Blacksmith |
| 12:50 | Create | Villager (Male) |
| 13:00 | Build | Market |
| 13:34 | Create | Villager (Male) |
| 13:57 | Build | Mining Camp |
| 14:17 | Create | Villager (Male) |
| 14:24 | Create | Fishing Ship |
| 15:05 | Research | Castle Age |
| 15:05 | Research | Castle Age |
| 15:34 | Build | House |
| 16:19 | Research | Gold Mining |
| 16:19 | Research | Gold Mining |
| 16:27 | Research | Bow Saw |
| 16:28 | Research | Bow Saw |
| 17:45 | Age | Castle Age |
| 18:01 | Build | Castle |
| 18:12 | Create | Villager (Male) |
| 18:12 | Create | Villager (Male) |
| 18:15 | Research | Wheelbarrow |
| 18:16 | Research | Wheelbarrow |
| 18:43 | Research | Horse Collar |
| 18:43 | Research | Horse Collar |
| 18:43 | Research | Horse Collar |
| 18:45 | Research | Gold Mining |
| 18:45 | Research | Gold Mining |
| 18:50 | Create | Villager (Male) |
| 18:59 | Build | Siege Workshop |
| 19:25 | Create | Coustillier |
| 19:26 | Create | Coustillier |
| 19:26 | Create | Coustillier |
| 19:26 | Create | Coustillier |
| 19:26 | Create | Coustillier |
| 19:31 | Create | Villager (Male) |
| 19:32 | Create | Villager (Male) |
| 19:39 | Create | Villager (Male) |
| 19:57 | Create | Villager (Male) |
| 20:04 | Create | Villager (Male) |
| 20:26 | Create | Coustillier |
| 20:26 | Create | Coustillier |
| 20:26 | Create | Coustillier |
| 20:46 | Build | House |
| 20:50 | Create | Coustillier |
| 20:50 | Create | Coustillier |
| 21:04 | Create | Coustillier |
| 21:05 | Create | Coustillier |
| 21:28 | Create | Villager (Male) |
| 21:42 | Create | Coustillier |
| 21:43 | Create | Villager (Male) |
| 21:48 | Build | Town Center |
| 22:02 | Build | Monastery |
| 22:07 | Create | Coustillier |
| 22:07 | Create | Coustillier |
| 22:11 | Research | Scale Barding Armor |
| 22:11 | Research | Scale Barding Armor |
| 22:12 | Research | Forging |
| 22:38 | Create | Coustillier |
| 22:38 | Create | Coustillier |
| 23:00 | Create | Coustillier |
| 23:00 | Create | Coustillier |
| 23:00 | Create | Coustillier |
| 23:03 | Create | Villager (Male) |
| 23:04 | Create | Villager (Male) |
| 23:29 | Create | Villager (Male) |
| 23:30 | Create | Villager (Male) |
| 23:38 | Create | Coustillier |
| 23:38 | Create | Coustillier |
| 23:38 | Create | Coustillier |
| 23:55 | Create | Coustillier |
| 23:55 | Create | Villager (Male) |
| 23:59 | Build | Farm |
| 23:59 | Build | Farm |
| 23:59 | Build | Farm |
| 23:59 | Build | Farm |
| 24:00 | Build | Farm |
| 24:00 | Build | Farm |
| 24:15 | Build | Barracks |
| 24:22 | Create | Coustillier |
| 24:22 | Create | Coustillier |
| 24:37 | Create | Villager (Male) |
| 24:49 | Create | Villager (Male) |
| 25:08 | Create | Villager (Male) |
| 25:10 | Create | Coustillier |
| 25:11 | Create | Coustillier |
| 25:11 | Create | Coustillier |
| 25:17 | Create | Monk |
| 25:17 | Create | Monk |
| 25:25 | Build | Siege Workshop |
| 25:39 | Create | Battering Ram |
| 25:39 | Create | Battering Ram |
| 26:14 | Create | Coustillier |
| 26:14 | Create | Coustillier |
| 26:14 | Create | Coustillier |
Match timeline
| 0:35 | Lic. Sandra Cuevas · wall_segment Palisade Wall x1 |
| 0:36 | Lic. Sandra Cuevas · wall_segment Palisade Wall x1 |
| 0:38 | Lic. Sandra Cuevas · wall_segment Palisade Wall x1 |
| 0:38 | Lic. Sandra Cuevas · wall_segment Palisade Wall x1 |
| 0:41 | Lic. Sandra Cuevas · wall_segment Palisade Wall x1 |
| 0:50 | Mr. Fay · first_building Dock |
| 1:01 | violetsage · first_building Dock |
| 1:06 | 825730607 · first_building Dock |
| 1:38 | Mr. C · first_building Dock |
| 2:04 | Lic. Sandra Cuevas · first_building Dock |
| 2:39 | Mr. Bannon · first_building Dock |
| 2:59 | Lic. Sandra Cuevas · wall_segment Palisade Wall x1 |
| 3:35 | Lic. Sandra Cuevas · wall_segment Palisade Wall x1 |
| 10:55 | Lic. Sandra Cuevas · wall_segment Palisade Wall x1 |
| 10:58 | Lic. Sandra Cuevas · wall_segment Palisade Wall x1 |
| 10:59 | Lic. Sandra Cuevas · wall_segment Palisade Wall x1 |
| 11:43 | Mr. C · wall_segment Palisade Wall x1 |
| 11:51 | Mr. C · wall_segment Palisade Wall x1 |
| 11:52 | Mr. C · wall_segment Palisade Wall x1 |
| 12:40 | Mr. Fay · age_up feudal |
| 12:43 | 825730607 · age_up feudal |
| 12:53 | Mr. C · wall_segment Palisade Wall x1 |
| 12:56 | Mr. C · wall_segment Palisade Wall x1 |
| 12:57 | Mr. C · wall_segment Palisade Wall x1 |
| 13:15 | Mr. C · wall_segment Palisade Wall x1 |
| 13:48 | Mr. C · age_up feudal |
| 14:09 | violetsage · age_up feudal |
| 14:09 | 825730607 · first_market_sell 100 stone |
| 14:23 | Mr. Bannon · age_up feudal |
| 14:46 | 825730607 · first_market_buy 100 food |
| 15:18 | Mr. C · first_market_sell 100 stone |
| 15:46 | Mr. Bannon · tribute_sent a jugador 1 |
| 15:46 | Mr. Bannon · tribute_sent a jugador 2 |
| 15:46 | Mr. Bannon · tribute_sent a jugador 3 |
| 15:46 | Mr. Bannon · tribute_sent a jugador 4 |
| 15:46 | Mr. Bannon · tribute_sent a jugador 6 |
| 16:05 | Mr. Bannon · first_building Barracks |
| 17:18 | Mr. Bannon · first_building Stable |
| 17:26 | Lic. Sandra Cuevas · wall_segment Palisade Wall x13 |
| 17:41 | Lic. Sandra Cuevas · age_up feudal |
| 17:45 | 825730607 · age_up castle |
| 17:57 | Mr. Bannon · age_up castle |
| 18:01 | 825730607 · first_building Castle |
| 18:08 | violetsage · age_up castle |
| 18:12 | violetsage · first_building Castle |
| 18:14 | Mr. C · tribute_sent a jugador 2 |
| 18:14 | Mr. C · tribute_sent a jugador 3 |
| 18:14 | Mr. C · tribute_sent a jugador 4 |
| 18:14 | Mr. C · tribute_sent a jugador 5 |
| 18:14 | Mr. C · tribute_sent a jugador 6 |
| 18:26 | violetsage · first_building Siege Workshop |
| 18:36 | Mr. C · age_up castle |
| 18:53 | Mr. C · first_building Castle |
| 18:54 | Lic. Sandra Cuevas · wall_segment Palisade Wall x7 |
| 18:59 | Mr. C · first_building Siege Workshop |
| 18:59 | 825730607 · first_building Siege Workshop |
| 19:41 | violetsage · first_market_sell 100 food |
| 19:50 | Mr. Bannon · first_building Siege Workshop |
| 20:24 | violetsage · first_building Monastery |
| 22:02 | 825730607 · first_building Monastery |
| 22:13 | Mr. Bannon · tribute_sent a jugador 1 |
| 22:13 | Mr. Bannon · tribute_sent a jugador 2 |
| 22:13 | Mr. Bannon · tribute_sent a jugador 3 |
| 22:13 | Mr. Bannon · tribute_sent a jugador 4 |
| 22:13 | Mr. Bannon · tribute_sent a jugador 6 |
| 22:46 | Lic. Sandra Cuevas · wall_segment Palisade Wall x1 |
| 24:15 | 825730607 · first_building Barracks |
| 25:54 | Mr. Bannon · first_market_buy 100 food |
| 27:19 | Mr. Bannon · wall_segment Stone Wall x14 |
| 27:25 | Mr. Bannon · wall_segment Stone Wall x10 |
| 27:48 | Mr. Bannon · first_building Castle |
| 27:54 | Lic. Sandra Cuevas · first_building Barracks |
| 28:37 | Mr. C · wall_segment Palisade Wall x1 |
| 28:45 | Mr. Bannon · first_market_sell 100 wood |
| 28:59 | Lic. Sandra Cuevas · first_building Stable |
| 29:19 | Mr. Fay · first_building Barracks |
| 29:42 | violetsage · first_market_buy 100 stone |
| 29:42 | Mr. C · first_building Barracks |
| 30:12 | 825730607 · first_building Stable |
| 31:18 | Mr. C · first_building Stable |
| 31:48 | Mr. C · wall_segment Palisade Wall x1 |
| 32:01 | Mr. Fay · first_market_buy 100 stone |
| 32:04 | Mr. Fay · first_market_sell 100 food |
| 32:09 | Lic. Sandra Cuevas · wall_segment Stone Wall x1 |
| 32:11 | Lic. Sandra Cuevas · wall_segment Stone Wall x1 |
| 32:14 | Lic. Sandra Cuevas · wall_segment Stone Wall x1 |
| 32:19 | Lic. Sandra Cuevas · age_up castle |
| 32:50 | Mr. Fay · age_up castle |
| 32:55 | Mr. Fay · first_building Castle |
| 33:56 | Mr. C · first_market_buy 100 food |
| 34:33 | Lic. Sandra Cuevas · first_building Castle |
| 36:07 | Mr. Fay · wall_segment Stone Wall x10 |
| 37:08 | violetsage · age_up imperial |
| 37:52 | 825730607 · age_up imperial |
| 42:00 | Mr. Bannon · age_up imperial |
| 42:49 | Mr. C · first_building Monastery |
| 43:43 | 825730607 · first_building Archery Range |
| 44:51 | Mr. Bannon · wall_segment Stone Wall x14 |
| 45:07 | Mr. Fay · wall_segment Stone Wall x1 |
| 46:20 | Mr. C · wall_segment Palisade Wall x1 |
| 46:21 | Mr. C · wall_segment Palisade Wall x1 |
| 46:23 | Mr. C · wall_segment Palisade Wall x1 |
| 46:26 | Mr. C · wall_segment Palisade Wall x1 |
| 46:27 | Mr. C · wall_segment Palisade Wall x1 |
| 46:28 | Mr. C · wall_segment Palisade Wall x1 |
| 46:31 | Mr. C · wall_segment Palisade Wall x1 |
| 46:33 | Mr. C · wall_segment Palisade Wall x1 |
| 48:25 | Lic. Sandra Cuevas · first_market_buy 100 food |
| 48:55 | Mr. C · resign |
[ AI ANALYSIS · 1 CREDIT ]
What really happened in this match?
Wolo.gg analyzes every decision: build order, eco, micro, common mistakes by bracket. Personalized analysis on WhatsApp or Discord in 30 seconds.
Civ guide
Persians
Perfil
Jugador #3144554